 Dungeon Crawl Stone Soup version 0.29-a0-88-g03a7b78be7 (webtiles) character file.

Game seed: 10842184820610793701

6554 lordive the Fighter (level 10, -2/91 HPs)
             Began as a Purple Draconian Warper on Feb 5, 2022.
             Was an Elder of Okawaru.
             Slain by Erolcha (21 damage)
             ... on level 9 of the Dungeon.
             The game lasted 00:24:31 (15067 turns).

lordive the Fighter (Purple Draconian Warper)      Turns: 15067, Time: 00:24:32

Health: -2/91      AC: 10    Str: 14    XL:     10   Next: 70%
Magic:  0/15       EV: 19    Int: 17    God:    Okawaru [****..]
Gold:   642        SH:  0    Dex: 11    Spells: 4/15 levels left

rFire   . . .      SeeInvis +   t - +3 falchion (freeze)
rCold   . . .      Faith    .   (no shield)
rNeg    . . .      Spirit   +   (armour unavailable)
rPois   .          Reflect  .   (helmet restricted)
rElec   .          Harm     .   (no cloak)
rCorr   .          Rampage  .   r - +2 pair of gloves {Stlth+}
Will    +....                   (no boots)
Stlth   ++++......              j - amulet of guardian spirit
HPRegen 0.25/turn               F - +4 ring of evasion
MPRegen 0.14/turn               h - ring of see invisible

@: marked
A: breathe power, AC +7, unfitting armour, cold-blooded
a: Breathe Dispelling Energy, Renounce Religion, Heroism, Finesse


You were on level 9 of the Dungeon.
You worshipped Okawaru.
Okawaru was greatly pleased with you.
You visited 2 branches of the dungeon, and saw 11 of its levels.
You also visited: Sewer.

You collected 642 gold pieces.

Inventory:

Hand Weapons
 a - a +0 great sword
 c - a +5 long sword of distortion
 p - the +2 hand axe of Hommurab {antimagic, Fly rN+ Will+ Int+4}
   (You found it on level 4 of the Dungeon)

   It reduces the magical energy of the wielder, and disrupts the spells and
   magical abilities of those it strikes.
   Natural abilities and divine invocations are not affected.
   Int:       It affects your intelligence (+4).
   rN:        It protects you from negative energy.
   Fly:       It grants you flight.
   Will:      It increases your willpower.
 t - a +3 falchion of freezing (weapon)
Missiles
 f - 6 boomerangs (quivered)
 w - 20 poisoned darts
Armour
 r - a +2 pair of gloves of stealth (worn)
Jewellery
 h - a ring of see invisible (right hand)
 j - an amulet of guardian spirit (around neck)
 n - a +6 ring of strength
 v - a +6 ring of dexterity
 y - a ring of positive energy
 F - a +4 ring of evasion (left hand)
Scrolls
 b - 2 scrolls of brand weapon {unknown}
 d - 3 scrolls of fear {unknown}
 e - 4 scrolls of identify {unknown}
 l - 2 scrolls of enchant weapon {unknown}
 q - 2 scrolls of immolation {unknown}
 u - 4 scrolls of summoning {unknown}
 x - 2 scrolls of enchant armour {unknown}
 C - a scroll of fog {unknown}
 E - 4 scrolls of blinking
 K - a scroll of magic mapping {unknown}
Potions
 g - 4 potions of flight {unknown}
 i - 4 potions of curing
 k - a potion of brilliance {unknown}
 m - a potion of degeneration {unknown}
 o - a potion of lignification {unknown}
 s - 5 potions of might {unknown}
 z - a potion of invisibility
 A - 3 potions of mutation {unknown}
 B - 2 potions of attraction {unknown}
 D - 2 potions of cancellation {unknown}
 G - 2 potions of heal wounds
 I - a potion of berserk rage {unknown}
 J - a potion of magic {unknown}


   Skills:
 + Level 9.0 Fighting
 - Level 4.1 Long Blades
 - Level 0.8 Throwing
 + Level 9.0 Dodging
 + Level 4.6 Stealth
 + Level 3.4 Spellcasting
 * Level 7.9 Translocations
 * Level 4.8 Invocations


You had 4 spell levels left.
You knew the following spells:

 Your Spells              Type           Power      Damage    Failure   Level
a - Lesser Beckoning      Tloc           29%        N/A       1%          3
b - Teleport Other        Tloc           29%        N/A       1%          3
c - Manifold Assault      Tloc           29%        N/A       19%         5

Your spell library contained the following spells:

 Spells                   Type           Power      Damage    Failure   Level
 Blink                    Tloc           58%        N/A       1%          2
 Gell's Gravitas          Tloc           29%        N/A       1%          3
 Pain                     Necr           8%         1d4       17%         1
 Corpse Rot               Necr/Air       4%         N/A       26%         2
 Frozen Ramparts          Ice            4%         1d2       45%         3
 Vampiric Draining        Necr           2%         2d6       45%         3
 Dispel Undead            Necr           2%         3d7       86%         4
 Ice Form                 Ice/Tmut       2%         N/A       86%         4
 Storm Form               Tmut/Air       1%         N/A       100%        7
 Animate Skeleton         Necr           Unusable   N/A       N/A         1
 Summon Ice Beast         Ice/Summ       Unusable   N/A       N/A         4
 Death Channel            Necr           Unusable   N/A       N/A         6

Dungeon Overview and Level Annotations

Branches:
Dungeon (10/15)            Temple (1/1) D:6           Sewer (visited)
   Lair: D:8-11         Orc: D:9-12

Altars:
Ashenzari
Cheibriados
Dithmenos
Elyvilon
Fedhas
Gozag
Hepliaklqana
Kikubaaqudgha
Makhleb
Nemelex Xobeh
Okawaru
Qazlal
Ru
Sif Muna
Vehumet
Wu Jian
Xom
Yredelemnul
Zin
The Shining One

Annotations:
D:4 3 runed translucent doors, cyrus's ghost, amateur GnDe
D:9 Erolcha


Innate Abilities, Weirdness & Mutations

You can breathe bolts of dispelling energy.
Your rich purple scales are hard. (AC +7)
You cannot fit into any form of body armour.
You are cold-blooded and may be slowed by cold attacks.


Message History

You hit the wight. Your punch misses the wight.
The wight is severely damaged.
The wight misses you.
You hit the wight but do no damage.
The wight is severely damaged.
The wight completely misses you.
You slash the wight!
You destroy the wight!
Okawaru accepts your kill.
Erolcha looks more healthy.
Erolcha screams, "Erolcha crush your head!"
Erolcha hits you with a +0 giant club!!
* * * LOW HITPOINT WARNING * * *
You slash Erolcha! You freeze Erolcha.
Erolcha is almost dead.
Erolcha casts a spell.
Erolcha blinks!
Erolcha hits you with a +0 giant club.
* * * LOW HITPOINT WARNING * * *
You slash Erolcha!
Erolcha is almost dead.
Erolcha hits you with a +0 giant club!
* * * LOW HITPOINT WARNING * * *
Throw: 20 darts (poison)
Press: ? - help, Q - select action, (/) - cycle Shift-Dir - straight line, f/p - Erolcha
Aim: Erolcha, wielding a +0 giant club and wearing a +2 robe of cold resistance (almost dead, slightly transparent, 71% to hit)
Okay, then.
Throw: dart (curare)
Press: ? - help, Q - select action, (/) - cycle Shift-Dir - straight line, f/p - Erolcha
Aim: Erolcha, wielding a +0 giant club and wearing a +2 robe of cold resistance (almost dead, slightly transparent, 71% to hit)
You throw a curare-tipped dart.
The curare-tipped dart barely misses Erolcha.
Erolcha closely misses you.
Casting: Teleport Other (safe; 1% risk of failure)
Confirm with . or Enter, or press ? or * to list all spells.
Okay, then.
You hit Erolcha but do no damage.
Erolcha is almost dead.
Erolcha hits you with a +0 giant club!!
You die...

#.##... #.# #.##...
#.# #.##... #.#
#.##..# #.# #.##..#
#.# #.#####.##..#
#.# #............
##.###########.#.#.#
#(O@.).)((.....#.#.#
################...#
#.### ###


You could see Erolcha (invisible).

Vanquished Creatures
  Harold (D:9)
  Maggie (D:8)
  Grinder (D:6)
  Sigmund (D:3)
  7 yaks
  A steam dragon (D:7)
  Menkaure (D:5)
  2 water moccasins
  Duvessa (D:6)
  A black bear (D:3)
  2 sky beasts
  3 ogres
  3 necrophages
  2 centaurs
  4 kobold brigands
  2 phantoms (D:4)
  7 bullfrogs
  3 scorpions
  A water moccasin zombie (D:5)
  A water moccasin skeleton (D:5)
  Dowan (D:6)
  10 wights
  6 howler monkeys
  3 centaur skeletons
  2 centaur zombies
  A gnoll shaman (D:5)
  2 orc priests
  3 hounds
  2 bullfrog skeletons
  2 iguanas (D:5)
  6 orc wizards
  A killer bee zombie (D:9)
  3 hound skeletons
  8 adders
  10 gnolls
  5 river rats (Sewer)
  3 white imps
  An adder zombie (D:3)
  6 worms
  2 dart slugs (D:1)
  12 orcs
  6 endoplasms
  4 giant cockroaches
  4 goblins
  5 hobgoblins
  17 jackals
  4 quokkas
  12 ball pythons
  3 bats
  5 frilled lizards
  12 kobolds
  12 rats
218 creatures vanquished.

Vanquished Creatures (others)
  35 plants
35 creatures vanquished.

Grand Total: 253 creatures vanquished

Notes
Turn   | Place    | Note
-------+----------+-------------------------------------------
     0 | D:1      | lordive the Draconian Warper began the quest for the Orb.
     0 | D:1      | Reached XP level 1. HP: 17/17 MP: 3/3
   482 | D:1      | Reached XP level 2. HP: 20/24 MP: 5/5
   627 | D:1      | Found a faded altar of an unknown god.
   972 | D:1      | Reached XP level 3. HP: 29/30 MP: 6/6
  2144 | D:2      | Reached XP level 4. HP: 18/37 MP: 7/7
  2867 | D:3      | Noticed a bullfrog
  2880 | D:3      | Killed a bullfrog
  2881 | D:3      | Reached XP level 5. HP: 15/45 MP: 8/8
  3535 | D:3      | Noticed a black bear
  3545 | D:3      | Killed a black bear
  3546 | D:3      | Reached XP level 6. HP: 29/51 MP: 9/9
  3724 | D:3      | Reached skill level 1 in Stealth
  4162 | D:3      | Noticed Sigmund
  4797 | D:4      | Identified the +2 hand axe of Hommurab {antimagic, Fly rN+
                  | Will+ Int+4}
  4815 | D:4      | Found a runed translucent gate.
  4816 | D:4      | Found a runed translucent gate.
  4816 | D:4      | Found a runed translucent gate.
  4835 | D:4      | Noticed cyrus's ghost (amateur GnDe)
  4867 | D:4      | HP: 1/51 [phantom (7)]
  5558 | D:4      | Your scales start taking on a rich purple colour.
  5558 | D:4      | Reached XP level 7. HP: 43/59 MP: 11/11
  5794 | D:4      | Found an ancient bone altar of Kikubaaqudgha.
  6068 | D:4      | Found a stormy altar of Qazlal.
  6640 | D:5      | Entered Level 5 of the Dungeon
  6649 | D:5      | Found a glowing drain.
  6685 | D:4      | Reached skill level 5 in Translocations
  6850 | D:4      | Learned a level 3 spell: Lesser Beckoning
  6854 | D:4      | Learned a level 3 spell: Teleport Other
  6897 | Sewer    | Entered a sewer
  7223 | Sewer    | Reached skill level 5 in Fighting
  7223 | Sewer    | Reached skill level 5 in Dodging
  7223 | Sewer    | Reached XP level 8. HP: 49/63 MP: 8/12
  8412 | D:5      | Found an iron altar of Okawaru.
  8478 | D:5      | Became a worshipper of Warmaster Okawaru
  8706 | D:5      | You fall into a shaft and drop 3 floors!
  8978 | D:8      | Noticed Maggie
  9014 | D:9      | Noticed Erolcha
  9441 | D:9      | Reached XP level 9. HP: 63/78 MP: 10/13
  9447 | D:9      | Learned a level 5 spell: Manifold Assault
  9512 | D:9      | Reached * piety under Okawaru
  9993 | D:7      | Reached skill level 1 in Invocations
 11303 | D:6      | Reached ** piety under Okawaru
 11725 | D:6      | Found a staircase to the Ecumenical Temple.
 11847 | Temple   | Entered the Ecumenical Temple
 12133 | D:6      | Noticed Duvessa
 12133 | D:6      | Noticed Dowan
 12141 | D:6      | Killed Duvessa
 12154 | D:6      | Killed Dowan
 12499 | D:6      | Noticed Grinder
 12543 | D:6      | Killed Grinder
 12544 | D:6      | Reached XP level 10. HP: 60/88 MP: 10/14
 13001 | D:5      | Noticed Menkaure
 13009 | D:5      | Killed Menkaure
 13658 | D:3      | Killed Sigmund
 13876 | D:8      | Killed Maggie
 13876 | D:8      | Reached *** piety under Okawaru
 14312 | D:9      | Found a shimmering blue altar of Sif Muna.
 14377 | D:9      | Found a shadowy altar of Dithmenos.
 14593 | D:10     | Entered Level 10 of the Dungeon
 14598 | D:10     | Noticed a gargoyle
 14988 | D:9      | Noticed Harold
 15016 | D:9      | Killed Harold
 15016 | D:9      | Reached **** piety under Okawaru
 15067 | D:9      | Slain by Erolcha

Illustrated notes

Levels and vault maps discovered:
D:1:      mrwooster_arrival_statue, layout_rooms,
          chequers_ecumenical_altar_simple_redux, minivault_14
D:2:      layout_rooms, kennysheep_boxes
D:3:      layout_loops_corners, st_stairs_2, minmay_tree_intersection,
          uniq_sigmund
D:4:      cheibrodos_quashed, layout_rooms, lemuel_doored_altar,
          gammafunk_ghost_necromancy, chequers_serial_rivers_large_a,
          kennysheep_small_circle
D:5:      minmay_skewed_foursquare, layout_rooms,
          mainiacjoe_overflow_tiny_flanked, cheibrodos_sewer_entry_sluice,
          uniq_menkaure
D:6:      layout_loops_corners, minmay_temple_entry_offerings, uniq_grinder,
          uniq_duvessa
D:7:      layout_loops_ring, hangedman_decor_riveting
D:8:      layout_rooms, uniq_maggie
D:9:      hellmonk_destroyed_diamonds, layout_basic,
          gammafunk_temple_overflow_pools, mainiacjoe_overflow_catwalk_spiral,
          dk_vineyard_3, uniq_erolcha, uniq_harold
D:10:     layout_small_grid, zombieorc2_lemuel, serial_shops, shop,
          enter_bailey_2, minmay_fire_ice_demons
Temple:   regret_index_temple_sphere_string

Skill      XL: |  1  2  3  4  5  6  7  8  9 10 |
---------------+-------------------------------+-----
Fighting       | 3 4 5 6 8 9 |  9.0
Long Blades    | 3 4 |  4.1
Dodging        | 3 4 5 6 8 9 |  9.0
Translocations | 4 5 6 7 |  7.9
Stealth        | 1 2 3 4 |  4.6
Invocations    | 3 4 |  4.8
Spellcasting   | 3 |  3.4
Throwing       | |  0.8

Action                   |  1- 3 |  4- 6 |  7- 9 | 10-12 || total
-------------------------+-------+-------+-------+-------++-------
Melee: Falchion          |   166 |   181 |   683 |   211 ||  1241
       Tailslap          |    13 |    24 |   103 |    44 ||   184
       Hand axe          |       |    16 |       |       ||    16
       Punch             |       |     3 |     9 |     5 ||    17
Throw: Boomerang         |       |       |     5 |     1 ||     6
       Dart              |       |       |       |    13 ||    13
 Cast: Teleport Other    |       |       |       |     7 ||     7
  Use: Scroll            |       |       |     1 |       ||     1
       Potion            |       |       |     2 |     2 ||     4
 Stab: Sleeping          |     1 |     3 |     2 |     7 ||    13
Armor: Skin              |    71 |    85 |   257 |    20 ||   433
Dodge: Dodged            |   150 |   175 |   616 |   161 ||  1102

Table legend: (Time is in decaauts)
 A = Elapsed time spent in this place.
 B = Non-inter-level travel time spent in this place.
 C = Inter-level travel time spent in this place.
 D = Time resting spent in this place.
 E = Time spent auto-exploring this place.
 F = Levels seen in this place.
 G = Mean time per level.
                   A        B        C        D        E       F      G
               +--------+--------+--------+--------+--------+-----+--------+
         Total |  15445 |  14702 |    743 |   2364 |   9273 |  12 | 1287.1 |
       Dungeon |  13622 |  12908 |    714 |   2206 |   8047 |  10 | 1362.2 |
        Temple |    167 |    139 |     28 |      0 |    125 |   1 |  167.0 |
         Sewer |   1654 |   1654 |      0 |    158 |   1100 |   1 | 1654.0 |
               +--------+--------+--------+--------+--------+-----+--------+

Top non-repeatable levels by time:
     D:3: 2102 daAuts
     D:4: 1948 daAuts
     D:2: 1832 daAuts
   Sewer: 1654 daAuts
     D:6: 1442 daAuts
     D:1: 1341 daAuts
     D:7: 1318 daAuts
     D:8: 1277 daAuts
     D:9: 1216 daAuts
     D:5: 1107 daAuts
  Temple: 167 daAuts
    D:10: 35 daAuts
